 Dungeon Crawl Stone Soup version 0.28-a0-906-g0406aca7d3 (webtiles) character file.

Game seed: 659388107892744403

109 Zonian the Poker (level 4, -5/34 HPs)
             Began as a Demonspawn Gladiator on Nov 24, 2021.
             Slain by a kobold brigand (14 damage)
             ... in a sewer.
             The game lasted 00:04:32 (3128 turns).

Zonian the Poker (Demonspawn Gladiator)             Turns: 3128, Time: 00:04:32

Health: -5/34      AC:  4    Str: 15    XL:     4   Next: 60%
Magic:  4/4        EV: 12    Int:  9    God:
Gold:   103        SH:  4    Dex: 15    Spells: 3/3 levels left

rFire   x . .      SeeInvis .   a - +0 trident
rCold   + . .      Faith    .   (no shield)
rNeg    . . .      Spirit   .   b - +0 leather armour
rPois   .          Reflect  .   c - +0 helmet
rElec   .          Harm     .   (no cloak)
rCorr   .          Rampage  .   (no gloves)
Will    .....                   (no boots)
Stlth   +.........              (no amulet)
HPRegen 0.11/turn               g - ring of ice
MPRegen 0.09/turn               (no ring)

@: no status effects
A: large bone plates 1, demonic magic 1
a: no special abilities


You were in a sewer.
You visited 1 branch of the dungeon, and saw 3 of its levels.
You also visited: Sewer.

You collected 103 gold pieces.

Inventory:

Hand Weapons
 a - a +0 trident (weapon)
Armour
 b - a +0 leather armour (worn)
 c - a +0 helmet (worn)
Jewellery
 g - a ring of ice (left hand)
Scrolls
 h - a scroll of acquirement {unknown}
 j - a scroll of enchant weapon {unknown}
Potions
 e - 2 potions of lignification
 f - 2 potions of magic {unknown}
 i - a potion of curing {unknown}


   Skills:
 + Level 2.3 Fighting
 + Level 3.9 Polearms
 + Level 1.9 Throwing
 + Level 1.5 Armour
 + Level 3.2 Dodging
 + Level 0.1 Stealth


You had 3 spell levels left.
You didn't know any spells.
Your spell library was empty.

Dungeon Overview and Level Annotations

Branches:
Dungeon (3/15)              Sewer (1/1)

Altars:

Shops:
D:2 ([(=


Innate Abilities, Weirdness & Mutations

You are partially covered in large bone plates. (SH +4)
Spells you cast may paralyse adjacent enemies.


Message History

You closely miss the kobold brigand.
The kobold brigand is lightly wounded.
You feel sick.
The kobold brigand hits you with a +0 dagger of distortion.
You barely miss the kobold brigand.
The kobold brigand is lightly wounded.
You feel sick.
You are no longer poisoned.
The kobold brigand struggles against the net.
You block the kobold brigand's attack.
Unknown command.
Throw: throwing net
Press: ? - help, Q - select action Shift-Dir - straight line, f/p - kobold brigand
Aim: a kobold brigand, wielding a +0 dagger and quivering poisoned darts (heavily wounded, entangled in a net, 89% to hit)
You throw a throwing net.
The throwing net hits the kobold brigand.
The kobold brigand is caught in the net!
The kobold brigand is lightly wounded.
The kobold brigand struggles against the net. x2
You puncture the kobold brigand!
The kobold brigand is moderately wounded.
The kobold brigand struggles against the net.
You hit the kobold brigand.
The kobold brigand is heavily wounded.
The kobold brigand struggles against the net.
The net rips apart, and the kobold brigand comes free!
The kobold brigand struggles against the net.
You hit the kobold brigand.
The kobold brigand is heavily wounded.
The kobold brigand struggles against the net.
You hit the kobold brigand but do no damage.
The kobold brigand is heavily wounded.
The kobold brigand struggles against the net.
The net rips apart, and the kobold brigand comes free!
You puncture the kobold brigand!
The kobold brigand is almost dead.
The kobold brigand hits you with a +0 dagger of distortion.
* * * LOW HITPOINT WARNING * * *
Space warps horribly around you!
You die...

##### #### ## ##...##
##...
#..≈#####...≈.#####..≈.
#(.!KK@.......≈≈≈≈≈....
#..?≈.####.≈...#####≈.≈.
###≈# ##...## ##... #
##≈## ##≈# #≈# #≈# #≈#
#≈# ##≈## ##≈# ##≈≈≈##
##≈..
..####≈.≈.≈#####≈..∩


You could see 2 kobold brigands.

Vanquished Creatures
  Natasha (D:2)
  Robin (D:3)
  2 river rats
  A worm (D:3)
  A dart slug (D:1)
  5 bats
  3 endoplasms (D:1)
  6 goblins
  6 hobgoblins
  3 quokkas
  6 ball pythons
  5 frilled lizards
  3 kobolds (D:1)
  7 rats
50 creatures vanquished.

Vanquished Creatures (others)
  A plant (D:1)
1 creature vanquished.

Grand Total: 51 creatures vanquished

Notes
Turn   | Place    | Note
-------+----------+-------------------------------------------
     0 | D:1      | Zonian the Demonspawn Gladiator began the quest for the
                  | Orb.
     0 | D:1      | Reached XP level 1. HP: 16/16 MP: 1/1
   432 | D:1      | Gained mutation: You are partially covered in large bone
                  | plates. (SH +4) [demonic ancestry]
   432 | D:1      | Reached XP level 2. HP: 22/22 MP: 2/2
   932 | D:1      | Reached XP level 3. HP: 27/27 MP: 3/3
  1175 | D:2      | Found Moitimaph's Antique Armour Emporium.
  1213 | D:2      | Found Koisat's Antique Weapon Boutique.
  1401 | D:2      | Found Enetip's General Store.
  1586 | D:2      | Found Velunaji's Jewellery Boutique.
  1603 | D:2      | Found Canaes's Antique Weapon Emporium.
  1657 | D:2      | Noticed Natasha
  1668 | D:2      | Killed Natasha
  2224 | D:2      | Found a faded altar of an unknown god.
  2224 | D:2      | You fall into a shaft and drop 1 floor!
  2224 | D:3      | Identified the +1 helmet "Laqiy" {Int+4}
  2224 | D:3      | Noticed Robin
  2234 | D:3      | Killed Robin
  2235 | D:3      | Reached skill level 1 in Armour
  2235 | D:3      | Gained mutation: Spells you cast may paralyse adjacent
                  | enemies. [demonic ancestry]
  2235 | D:3      | Reached XP level 4. HP: 17/34 MP: 4/4
  2624 | D:3      | Found a glowing drain.
  2629 | Sewer    | Entered a sewer
  3112 | Sewer    | Noticed a kobold brigand
  3112 | Sewer    | Noticed a kobold brigand
  3128 | Sewer    | Slain by a kobold brigand

Illustrated notes

Levels and vault maps discovered:
D:1:      eino_arrival_druids_welcome, layout_basic
D:2:      layout_loops_corners, shapermc_ecumenical_altar_mp_urbaneastern,
          serial_shops, nicolae_shop_advertising_works
          [nicolae_subvault_shop_adworks], shop_statue, nicolae_shop_stone,
          nicolae_shop_overgrown_old_shop, nicolae_shop_statue_plus,
          st_stairs_13, kennysheep_cross_room, uniq_natasha
D:3:      layout_basic, lightli_sewer_entry_pipes, nrook_uturn,
          minmay_misc_feat_tower, uniq_robin
Sewer:    sewer_co_15_rooms

Skill      XL: |  1  2  3 |
---------------+----------+-----
Polearms       | 3 |  3.9
Dodging        | 3 |  3.2
Armour         | 1 |  1.5
Fighting       | |  2.3
Throwing       | |  1.9
Stealth        | |  0.1

Action                   |  1- 3 |  4- 6 || total
-------------------------+-------+-------++-------
Melee: Trident           |   118 |    57 ||   175
Throw: Throwing net      |       |     5 ||     5
  Use: Potion            |     2 |       ||     2
       Scroll            |     1 |       ||     1
 Stab: Sleeping          |     1 |       ||     1
       Held in net/web   |       |     1 ||     1
Armor: Leather armour    |    30 |     8 ||    38
       Skin              |     7 |    11 ||    18
Dodge: Dodged            |    55 |    20 ||    75
Block: Other             |    14 |     7 ||    21

Table legend: (Time is in decaauts)
 A = Elapsed time spent in this place.
 B = Non-inter-level travel time spent in this place.
 C = Inter-level travel time spent in this place.
 D = Time resting spent in this place.
 E = Time spent auto-exploring this place.
 F = Levels seen in this place.
 G = Mean time per level.
                   A        B        C        D        E       F      G
               +--------+--------+--------+--------+--------+-----+--------+
         Total |   3184 |   3169 |     15 |   1600 |   1017 |   4 |  796.0 |
       Dungeon |   2667 |   2652 |     15 |   1187 |   1017 |   3 |  889.0 |
         Sewer |    516 |    516 |      0 |    413 |      0 |   1 |  516.0 |
               +--------+--------+--------+--------+--------+-----+--------+

Top non-repeatable levels by time:
     D:2: 1160 daAuts
     D:1: 1079 daAuts
   Sewer: 516 daAuts
     D:3: 427 daAuts
